 Dungeon Crawl Stone Soup version 0.29-a0-284-gf9362112df (webtiles) character file.

Game seed: 12909538257658959141

13 GigaChad the Skirmisher (level 2, -7/24 HPs)
             Began as a Demonspawn Abyssal Knight on Apr 1, 2022.
             Was a Believer of Lugonu.
             Killed by nerve-wracking pain
             ... invoked by Jessica
              (12 damage)
             ... on level 2 of the Dungeon.
             The game lasted 00:05:13 (954 turns).

GigaChad the Skirmisher (Demonspawn Abyssal Knight)  Turns: 954, Time: 00:05:14

Health: -7/24      AC:  3    Str: 13    XL:     2   Next: 24%
Magic:  3/3        EV: 12    Int: 11    God:    Lugonu [**....]
Gold:   55         SH:  3    Dex: 13    Spells: 1/1 levels left

rFire   . . .      SeeInvis .   a - +1 falchion
rCold   . . .      Faith    .   j - +0 buckler
rNeg    . . .      Spirit   .   b - +0 leather armour
rPois   .          Reflect  .   (no helmet)
rElec   .          Harm     .   (no cloak)
rCorr   .          Rampage  .   (no gloves)
Will    .....                   (no boots)
Stlth   +.........              (no amulet)
HPRegen 0.08/turn               e - ring of flight
MPRegen 0.08/turn               (no ring)

@: flying
A: repulsion field 1
a: Renounce Religion, Depart the Abyss, Bend Space


You were on level 2 of the Dungeon.
You worshipped Lugonu.
Lugonu was pleased with you.
You visited 1 branch of the dungeon, and saw 2 of its levels.
You visited the Abyss 1 time.

You collected 55 gold pieces.

Inventory:

Hand Weapons
 a - a +1 falchion (weapon)
 k - a +0 war axe
Missiles
 i - 6 poisoned darts
Armour
 b - a +0 leather armour (worn)
 j - a +0 buckler (worn)
Jewellery
 e - a ring of flight (left hand)
Scrolls
 h - a scroll of blinking {unknown}
Potions
 c - a potion of lignification {unknown}
 d - a potion of brilliance {unknown}
 f - a potion of invisibility {unknown}
 g - a potion of cancellation {unknown}


   Skills:
 + Level 3.3 Fighting
 + Level 1.7 Long Blades
 + Level 2.1 Armour
 + Level 0.8 Dodging
 + Level 2.6 Invocations


You had one spell level left.
You didn't know any spells.
Your spell library contained the following spells:

 Spells                   Type           Power      Damage    Failure   Level
 Slow                     Hex            0%         N/A       52%         1
 Scorch                   Fire           0%         2d5       67%         2
 Confusing Touch          Hex            0%         N/A       88%         3
 Vampiric Draining        Necr           0%         2d6       88%         3
 Flame Wave               Conj/Fire      0%         2d4       99%         4
 Summon Cactus Giant      Summ           0%         N/A       100%        6


Dungeon Overview and Level Annotations

Branches:
Dungeon (2/15)

Altars:

Annotations:
D:2 Jessica


Innate Abilities, Weirdness & Mutations

You are surrounded by a mild repulsion field. (EV +2)


Message History

There are no items here.
You see here a +0 war axe.
k - a +0 war axe
There is a stone staircase leading down here.
There is a stone staircase leading down here.
An endoplasm comes into view.
The endoplasm quivers.
Found a scroll of teleportation.
Found a ruby potion.
You block the endoplasm's attack.
The endoplasm hits you but does no damage.
You block the endoplasm's attack. You block the endoplasm's attack.
The endoplasm freezes you.
You are frozen.
The endoplasm freezes you.
You are frozen.
You slash the endoplasm!
You kill the endoplasm!
Lugonu accepts your kill.
Jessica and a rat come into view.
Jessica is wielding a +0 dagger and carrying a wand of flame (14).
Found a bubbling white potion.
Jessica shouts!
Jessica zaps a wand.
The puff of flame misses you.
Jessica zaps a wand.
The puff of flame hits you.
Jessica zaps a wand.
The puff of flame hits you!
* * * LOW HITPOINT WARNING * * *
You see here a scroll of teleportation.
Jessica casts a spell.
Jessica seems to speed up.
Jessica mumbles some strange words.
Jessica blinks!
The rat closely misses you. The rat barely misses you.
Jessica gestures wildly while chanting.
Jessica blinks!
The rat barely misses you. Jessica casts a spell at you.
Pain shoots through your body!
Ouch! That really hurt!
You die...

. # !# . ## ..#..
... ######.....
#.### #..#.......
...# #.@#!ยง...#
### #.#####..r..#
...##...#.......#
##.#....#.....###
..........@#..#
#.#.......#..#
##....######
#.#### #.#


You could see Jessica (fast) and a rat.

Vanquished Creatures
  A dart slug (D:1)
  An orc (D:2)
  A bat (D:1)
  An endoplasm (D:2)
  2 goblins
  A jackal (D:2)
  A frilled lizard (D:1)
  A rat (D:1)
9 creatures vanquished.

Notes
Turn   | Place    | Note
-------+----------+-------------------------------------------
     0 | Abyss:1  | GigaChad the Demonspawn Abyssal Knight began the quest for
                  | the Orb.
     0 | Abyss:1  | Reached XP level 1. HP: 18/18 MP: 2/2
    48 | Abyss:1  | Found a corrupted altar of Lugonu.
   131 | Abyss:1  | Found a corrupted altar of Lugonu.
   142 | D:1      | Escaped the Abyss
   301 | D:1      | Found a faded altar of an unknown god.
   789 | D:2      | Gained mutation: You are surrounded by a mild repulsion
                  | field. (EV +2) [demonic ancestry]
   789 | D:2      | Reached XP level 2. HP: 15/24 MP: 3/3
   946 | D:2      | Noticed Jessica
   954 | D:2      | Killed from afar by Jessica

Illustrated notes

Levels and vault maps discovered:
D:1:      dpeg_arrival_circle_labyrinth_b, layout_basic,
          hellmonk_ecumenical_altar_heavens_door
D:2:      layout_loops_ring, hangedman_decor_push, st_stairs_7, uniq_jessica

Skill      XL: |  1 |
---------------+----+-----
Armour         | 2 |  2.1
Fighting       | |  3.3
Long Blades    | |  1.7
Dodging        | |  0.8
Invocations    | |  2.6

Action                   || total
-------------------------++-------
Melee: Falchion          ||    20
  Use: Scroll            ||     3
Armor: Leather armour    ||     5
Dodge: Dodged            ||    15
Block: Buckler           ||     3

Table legend: (Time is in decaauts)
 A = Elapsed time spent in this place.
 B = Non-inter-level travel time spent in this place.
 C = Inter-level travel time spent in this place.
 D = Time resting spent in this place.
 E = Time spent auto-exploring this place.
 F = Levels seen in this place.
 G = Mean time per level.
                   A        B        C        D        E       F      G
               +--------+--------+--------+--------+--------+-----+--------+
         Total |    957 |    917 |     40 |      0 |      0 |   3 |  319.0 |
       Dungeon |    815 |    775 |     40 |      0 |      0 |   2 |  407.5 |
         Abyss |    142 |    142 |      0 |      0 |      0 |   1 |  142.0 |
               +--------+--------+--------+--------+--------+-----+--------+

Top non-repeatable levels by time:
     D:1: 517 daAuts
     D:2: 298 daAuts
 Abyss:1: 142 daAuts
